 Dungeon Crawl Stone Soup version 0.28-a0-893-g5e322aebe8 (console) character file.

Game seed: 8579166626428224197

425 CannotBeFrozen the Grasshopper (level 6, 0/51 HPs)
             Began as a Demigod Warper on Nov 22, 2021.
             Succumbed to a scorpion's poison
             ... on level 4 of the Dungeon.
             The game lasted 00:19:03 (4012 turns).

CannotBeFrozen the Grasshopper (Demigod Warper)     Turns: 4012, Time: 00:19:04

Health: 0/51       AC:  5    Str: 12    XL:     6   Next: 37%
Magic:  11/11      EV: 10    Int: 23    God:
Gold:   130        SH:  5    Dex: 13    Spells: 4/9 levels left

rFire   . . .      SeeInvis .   a - +0 falchion
rCold   . . .      Faith    .   (no shield)
rNeg    . . .      Spirit   .   g - +0 ring mail
rPois   .          Reflect  +   (no helmet)
rElec   .          Harm     .   (no cloak)
rCorr   .          Rampage  .   (no gloves)
Will    .....                   (no boots)
Stlth   +.........              j - amulet of reflection
HPRegen 0.17/turn               (no ring)
MPRegen 0.12/turn               (no ring)

@: lethally poisoned (0 -> -4)
A: high mp 1, forlorn
a: no special abilities


You were on level 4 of the Dungeon.
You visited 1 branch of the dungeon, and saw 4 of its levels.

You collected 130 gold pieces.

Inventory:

Hand Weapons
 a - a +0 falchion (weapon)
 b - a +0 vorpal hunting sling
Missiles
 d - 5 boomerangs of dispersal {=f =F}
 e - 8 stones
 i - 13 sling bullets
 l - 19 arrows
 n - 3 boomerangs (quivered)
Armour
 g - a +0 ring mail (worn)
Jewellery
 j - an amulet of reflection (around neck)
Scrolls
 c - 3 scrolls of blinking
 h - a scroll of fog
 m - 2 scrolls of immolation
 o - a scroll of identify {@r1}
Potions
 f - a potion of attraction
Miscellaneous
 k - a piece from Xom's chessboard (15/15)


   Skills:
 - Level 3.0 Fighting
 + Level 3.4 Long Blades
 - Level 0.6(1.0) Slings
 - Level 1.0(1.1) Throwing
 + Level 1.8 Armour
 - Level 2.0 Dodging
 - Level 1.0 Stealth
 - Level 2.0 Spellcasting
 - Level 5.0 Translocations


You had 4 spell levels left.
You knew the following spells:

 Your Spells              Type           Power      Damage    Failure   Level
b - Blink                 Tloc           50%        N/A       5%          2
t - Teleport Other        Tloc           25%        N/A       11%         3

Your spell library contained the following spells:

 Spells                   Type           Power      Damage    Failure   Level
 Gell's Gravitas          Tloc           25%        N/A       11%         3
 Lesser Beckoning         Tloc           25%        N/A       11%         3
 Manifold Assault         Tloc           25%        N/A       69%         5


Dungeon Overview and Level Annotations

Branches:
Dungeon (4/15)
 Temple: D:4-7

Annotations:
D:2 Sigmund


Innate Abilities, Weirdness & Mutations

Your attributes grow dramatically as you level up.
You have an increased reservoir of magic. (+10% MP)
You shall have no god before yourself.


Message History

You closely miss the scorpion.
The scorpion is severely wounded.
You feel very sick. The scorpion barely misses you.
HP: 22/51 (-4) =====------- You are too injured to fight recklessly!
You hit the scorpion.
The scorpion is severely wounded.
You feel very sick. The scorpion stings you.
* * * LOW HITPOINT WARNING * * *
You are lethally poisoned!
The scorpion poisons you!
HP: 17/51 (-5) ====-------- You hit the scorpion.
The scorpion is almost dead.
* * * LOW HITPOINT WARNING * * *
You feel very sick. The scorpion barely misses you. x2
HP: 12/51 (-5) ==---------- You hit the scorpion.
You kill the scorpion!
* * * LOW HITPOINT WARNING * * *
You feel very sick.
HP: 8/51 (-4) =-----------
Okay, then.
There is a lethal amount of poison in your body!
* * * LOW HITPOINT WARNING * * *
You feel very sick.
HP: 5/51 (-3) =-----------
* * * LOW HITPOINT WARNING * * *
You feel sick.
HP: 4/51 (-1) ------------
* * * LOW HITPOINT WARNING * * *
You feel sick.
HP: 3/51 (-1) ------------
* * * LOW HITPOINT WARNING * * *
You feel sick.
HP: 1/51 (-2) ------------ You die...

######.# ###.#
#...##'### #.#
#........# #.#
#........###.#######
#........'...#.....
#........#.#.#.#.#
#................# ##
#...######.....#.#.##
.#
#...######...@†.(...(
.#
#...#.......##.###..#
.# #...#.#.##### .#
.####...#.# ##
.[...)....#
#####...### #.......
#...#### #####


There were no monsters in sight!

Vanquished Creatures
  Grinder (D:3)
  A scorpion (D:4)
  Jessica (D:2)
  3 orc wizards
  2 adders
  An ufetubus (D:4)
  A dart slug (D:1)
  8 orcs
  4 endoplasms
  3 giant cockroaches
  A goblin (D:3)
  2 jackals (D:3)
  8 kobolds
  3 quokkas
  A ball python (D:2)
  5 bats
  2 frilled lizards (D:1)
  6 rats
53 creatures vanquished.

Notes
Turn   | Place    | Note
-------+----------+-------------------------------------------
     0 | D:1      | CannotBeFrozen the Demigod Warper began the quest for the
                  | Orb.
     0 | D:1      | Reached XP level 1. HP: 17/17 MP: 5/5
   654 | D:1      | Reached XP level 2. HP: 24/24 MP: 7/7
   664 | D:1      | Learned a level 2 spell: Blink
  1237 | D:2      | Reached skill level 3 in Translocations
  1295 | D:2      | Reached skill level 1 in Armour
  1408 | D:2      | Noticed Sigmund
  1832 | D:2      | Noticed Jessica
  1840 | D:2      | Killed Jessica
  1841 | D:2      | Reached skill level 1 in Throwing
  1841 | D:2      | Reached skill level 1 in Stealth
  1841 | D:2      | Reached XP level 3. HP: 24/29 MP: 8/8
  1927 | D:3      | Learned a level 3 spell: Teleport Other
  2130 | D:3      | You fall into a shaft and drop 1 floor!
  2670 | D:3      | Reached XP level 4. HP: 35/36 MP: 9/9
  3249 | D:3      | Reached skill level 4 in Translocations
  3284 | D:3      | Noticed Grinder
  3305 | D:3      | Paralysed by Grinder for 5 turns
  3316 | D:3      | Paralysed by Grinder for 3 turns
  3325 | D:3      | Paralysed by Grinder for 4 turns
  3332 | D:3      | Killed Grinder
  3333 | D:3      | Reached skill level 5 in Translocations
  3333 | D:3      | Reached XP level 5. HP: 43/44 MP: 10/10
  3333 | D:3      | Reached XP level 6. HP: 49/50 MP: 11/11
  4011 | D:4      | HP: 1/51 [poisoned by a scorpion]
  4012 | D:4      | Succumbed to a scorpion's poison

Illustrated notes

Levels and vault maps discovered:
D:1:      lightli_arrival_isolated_outpost, layout_basic,
          dreamdust_ecumenical_altar_grove
D:2:      layout_rooms, minmay_pentomino_q2, uniq_jessica, uniq_sigmund
D:3:      layout_loops_ring, xom_butterflies,
          nicolae_concentric_dashed_squares_mild, uniq_grinder
D:4:      layout_basic

Skill      XL: |  1  2  3  4  5  6 |
---------------+-------------------+-----
Long Blades    | 2 3 |  3.4
Spellcasting   | 2 |  2.0
Translocations | 3 5 |  5.0
Armour         | 1 |  1.8
Fighting       | 2 3 |  3.0
Throwing       | 1 |  1.0
Dodging        | 2 |  2.0
Stealth        | 1 |  1.0
Slings         | |  0.6

Action                   |  1- 3 |  4- 6 || total
-------------------------+-------+-------++-------
Melee: Falchion          |   122 |    79 ||   201
 Fire: Hunting sling     |    21 |    41 ||    62
Throw: Stone             |    10 |       ||    10
  Use: Scroll            |     7 |     1 ||     8
       Potion            |       |     2 ||     2
Armor: Ring mail         |    62 |    13 ||    75
       Leather armour    |     1 |       ||     1
       Skin              |       |    27 ||    27
Dodge: Dodged            |    76 |    18 ||    94
Block: Other             |    43 |    12 ||    55
       Reflection        |     2 |     1 ||     3

Table legend: (Time is in decaauts)
 A = Elapsed time spent in this place.
 B = Non-inter-level travel time spent in this place.
 C = Inter-level travel time spent in this place.
 D = Time resting spent in this place.
 E = Time spent auto-exploring this place.
 F = Levels seen in this place.
 G = Mean time per level.
                   A        B        C        D        E       F      G
               +--------+--------+--------+--------+--------+-----+--------+
         Total |   4055 |   3752 |    303 |   1515 |    856 |   4 | 1013.8 |
       Dungeon |   4055 |   3752 |    303 |   1515 |    856 |   4 | 1013.8 |
               +--------+--------+--------+--------+--------+-----+--------+

Top non-repeatable levels by time:
     D:3: 1515 daAuts
     D:1: 1482 daAuts
     D:4: 622 daAuts
     D:2: 435 daAuts
